 Dungeon Crawl Stone Soup version 0.17-a0-2101-g0c122e7 (webtiles) character file.

4069 st0uf the Thaumaturge (level 10, 0/50 HPs)
             Began as a Deep Elf Wizard on Oct 18, 2015.
             Was a Follower of Sif Muna.
             Slain by a black mamba (10 damage)
             ... on level 1 of the Lair of Beasts.
             The game lasted 01:25:34 (11639 turns).

st0uf the Thaumaturge (Deep Elf Wizard)            Turns: 11639, Time: 01:25:34

Health: 0/50       AC:  8    Str:  8    XL:     10   Next: 5%
Magic:  2/27       EV: 19    Int: 25    God:    Sif Muna [*.....]
Gold:   251        SH:  6    Dex: 20    Spells: 4 memorised, 22 levels left

rFire  + . .     SeeInvis +     I - staff of conjuration
rCold  . . .     Clarity  .     a - +0 robe
rNeg   + + .     SustAt   .     v - +0 buckler
rPois  +         Gourm    .     b - +0 hat
rElec  .         Spirit   .     E - +2 cloak {rPois}
rCorr  .         Warding  .     k - +0 pair of gloves
rMut   .         Stasis   .     K - +0 pair of boots of Modesty {+Fly Dex+2 SInv Stlth-}
MR     +....                    (no amulet)
Stlth  ++........               P - ring of the Octopus King {rN+ AC+1 EV+1 Str+1 Int+1 Dex+1}
                                S - ring "Wurasho" {rF+ rN+ EV+2 Dex+4}

@: somewhat resistant to hostile enchantments, unstealthy
A: no striking features
a: Channel Energy, Renounce Religion, Evoke Flight


You were on level 1 of the Lair of Beasts.
You worshipped Sif Muna.
Sif Muna was aware of your devotion.
You were not hungry.

You visited 3 branches of the dungeon, and saw 11 of its levels.

You collected 632 gold pieces.
You spent 381 gold pieces at shops.

Inventory:

Armour
 a - a +0 robe (worn)
 b - a +0 hat (worn)
 k - a +0 pair of gloves (worn)
 v - a +0 buckler (worn)
 E - a +2 cloak of poison resistance (worn)
 K - the +0 pair of boots of Modesty (worn) {+Fly Dex+2 SInv Stlth-}
   (You bought it in a shop on level 7 of the Dungeon)

   It affects your dexterity (+2).
   It lets you see invisible.
   It lets you fly.
   It makes you less stealthy.
Magical Staves
 I - an uncursed staff of conjuration (weapon)
Jewellery
 e - a +5 ring of intelligence
 m - an uncursed ring of see invisible
 w - a +1 ring of protection
 x - an uncursed ring of invisibility
 D - a +3 ring of evasion
 L - an uncursed ring of protection from cold {unknown}
 P - a ring of the Octopus King (right hand) {rN+ AC+1 EV+1 Str+1 Int+1 Dex+1}
   (You found it on level 8 of the Dungeon)

   [ring of positive energy]

   It affects your AC (+1).
   It affects your evasion (+1).
   It affects your strength (+1).
   It affects your intelligence (+1).
   It affects your dexterity (+1).
   It protects you from negative energy.
 S - the ring "Wurasho" (left hand) {rF+ rN+ EV+2 Dex+4}
   (You found it on level 8 of the Dungeon)

   [ring of evasion]

   It affects your evasion (+2).
   It affects your dexterity (+4).
   It protects you from fire.
   It protects you from negative energy.
Wands
 p - a wand of frost (28)
Scrolls
 f - 3 scrolls of enchant armour
 g - 2 scrolls of amnesia
 h - a scroll of blinking
 i - 2 scrolls of enchant weapon
 j - 2 scrolls of identify
 n - 3 scrolls of random uselessness
 o - a scroll of immolation {unknown}
 q - 2 scrolls of teleportation
 u - a scroll of noise {unknown}
 y - 3 scrolls of magic mapping
 A - 4 scrolls of remove curse
 C - a scroll of recharging {unknown}
 G - a scroll of brand weapon {unknown}
 O - a scroll of fear {unknown}
Potions
 t - 2 potions of curing
 B - 4 potions of agility
 F - a potion of ambrosia
 R - a potion of mutation
 T - a potion of might
 U - 3 potions of cancellation
Books
 c - a book of Minor Magic

   Spells                             Type                      Level
   a - Magic Dart                     Conjuration                  1
   b - Blink                          Translocation                2
   c - Call Imp                       Summoning                    2
   d - Repel Missiles                 Charms/Air                   2
   e - Slow                           Hexes                        2
   f - Conjure Flame                  Conjuration/Fire             3
   g - Mephitic Cloud                 Conjuration/Poison/Air       3
 M - a Necronomicon

   Spells                             Type                      Level
   a - Haunt                          Necromancy/Summoning         7
   b - Borgnjor's Revivification      Necromancy                   8
   c - Death's Door                   Charms/Necromancy            8
   d - Necromutation                  Transmutation/Necromancy     8
Comestibles
 d - 8 bread rations
 s - 7 fruits
 z - 2 meat rations
 N - 7 beef jerkies


   Skills:
 - Level 5.0 Dodging
 - Level 5.0 Stealth
 - Level 5.2 Shields
 + Level 11.1 Spellcasting
 + Level 9.1 Conjurations
 - Level 1.1 Summonings
   Level 1.1 Translocations
 + Level 2.5 Invocations
 + Level 2.5 Evocations


You had 22 spell levels left.
You knew the following spells:

 Your Spells              Type           Power        Failure   Level  Hunger
a - Magic Dart            Conj           ####         1%          1    None
b - Mephitic Cloud        Conj/Pois/Air  #####...     4%          3    None
c - Conjure Flame         Conj/Fire      ######..     1%          3    None
d - Call Imp              Summ           ###.....     6%          2    None


Dungeon Overview and Level Annotations

Branches:
Dungeon (9/15)             Temple (1/1) D:7            Lair (1/8) D:9
    Orc: D:9-12

Altars:
Ashenzari
Cheibriados
Dithmenos
Elyvilon
Fedhas
Gozag
Kikubaaqudgha
Makhleb
Okawaru
Ru
Sif Muna
Vehumet
Xom
Yredelemnul
Zin
The Shining One

Shops:
D:6 ?%(}[   D:7 [

Annotations:
D:4 kguciosek's ghost, amateur HaHu
D:5 Grinder
D:9 tp1's ghost, novice DECj


Message History

The black mamba bites you.
Your crimson imp barely misses the black mamba.
Your crimson imp hits the black mamba.
You completely miss the black mamba.
The black mamba is moderately wounded.
The black mamba barely misses you.
Your crimson imp blinks!
The black mamba completely misses you.
Your crimson imp barely misses the black mamba.
Your crimson imp misses the black mamba.
Your crimson imp blinks!
You barely miss the black mamba.
The black mamba is moderately wounded.
The black mamba bites you!
* * * LOW HITPOINT WARNING * * *
The black mamba bites you but does no damage.
Your crimson imp blinks!
Your crimson imp barely misses the black mamba.
The black mamba bites you!
You die...

##.....## # #......#
#.#### ##....##
#....########.....#
...............#..... .
##
#..............###...
... #.. ..♣♣...P#....##
#.. ....#.≈
♣♣♣♣.♣..##.....# ..
.....≈≈♣
♣.§S@.♣.#....### .
......†≈♣♣.5..♣♣.#...##
..... ♣≈≈≈.♣♣♣♣♣.#...#
......♣♣†≈≈.♣ ..#...#
......††.≈≈≈♣ ≈.≈....
......♣.♣.♣≈≈≈♣≈≈≈
..... ♣♣♣♣♣♣.♣♣♣≈# #...
♣♣ ###


You could see a black mamba and a friendly crimson imp.

Vanquished Creatures
  A spiny frog (Lair:1)
  Grum (D:8)
  A hippogriff (D:7)
  2 wolves (D:8)
  A hungry ghost (D:7)
  A water moccasin (D:8)
  An orc warrior (D:7)
  2 sky beasts
  A porcupine (Lair:1)
  3 centaurs
  A phantom (D:4)
  An ogre (D:8)
  A crocodile (Lair:1)
  A big kobold (D:9)
  A giant frog (D:6)
  A wyvern zombie (D:8)
  A scorpion (D:7)
  3 wights (D:6)
  15 killer bees
  4 crimson imps
  4 jellies
  3 iguanas
  3 hounds
  2 orc priests
  A giant frog zombie (D:5)
  6 orc wizards (D:4)
  A centaur skeleton (D:4)
  A giant frog skeleton (D:5)
  3 worker ants
  3 gnolls (D:3)
  11 adders
  3 river rats (Lair:1)
  2 shadow imps
  An adder zombie (D:8)
  7 worms
  11 giant geckos
  23 orcs
  4 giant cockroaches
  7 goblins
  7 hobgoblins
  2 jackals (D:2)
  17 kobolds
  4 quokkas
  3 ball pythons
  12 bats
  3 giant gecko skeletons
  A giant gecko zombie (D:8)
  10 giant newts
  A jackal zombie (D:6)
  10 rats
209 creatures vanquished.

Vanquished Creatures (collateral kills)
  A yak (Lair:1)
  An iguana (D:6)
  3 river rats (Lair:1)
  An adder (D:6)
  An ooze (D:4)
  A giant gecko (D:6)
8 creatures vanquished.

Vanquished Creatures (others)
  An ogre (D:7)
  A fungus (Lair:1)
  4 plants (D:6)
6 creatures vanquished.

Grand Total: 223 creatures vanquished

Notes
Turn   | Place    | Note
--------------------------------------------------------------
     0 | D:1      | st0uf the Deep Elf Wizard began the quest for the Orb.
     0 | D:1      | Reached XP level 1. HP: 10/10 MP: 7/7
   445 | D:1      | Reached XP level 2. HP: 15/15 MP: 6/9
  1122 | D:2      | Reached XP level 3. HP: 19/19 MP: 7/11
  2068 | D:2      | Reached skill level 5 in Spellcasting
  2068 | D:2      | Reached XP level 4. HP: 24/24 MP: 10/13
  2407 | D:2      | Learned a level 3 spell: Mephitic Cloud
  3298 | D:3      | Reached XP level 5. HP: 28/28 MP: 10/14
  4144 | D:4      | Learned a level 3 spell: Conjure Flame
  4337 | D:4      | Found a shimmering altar of Xom.
  4475 | D:4      | Reached XP level 6. HP: 32/32 MP: 14/16
  5105 | D:4      | Reached skill level 5 in Stealth
  5255 | D:4      | Noticed kguciosek's ghost (amateur HaHu)
  5295 | D:4      | Learned a level 2 spell: Call Imp
  5519 | D:4      | Reached skill level 5 in Dodging
  5519 | D:4      | Reached skill level 6 in Spellcasting
  5836 | D:5      | Entered Level 5 of the Dungeon
  5960 | D:5      | Reached XP level 7. HP: 32/36 MP: 0/18
  5960 | D:5      | Reached skill level 1 in Shields
  6199 | D:5      | Found a radiant altar of Vehumet.
  6550 | D:5      | Reached skill level 5 in Conjurations
  6558 | D:5      | Noticed Grinder
  6845 | D:6      | Found Ytalluowkue's Food Shoppe.
  6848 | D:6      | Reached skill level 7 in Spellcasting
  7127 | D:6      | Found a glowing golden altar of the Shining One.
  7127 | D:6      | Found a glowing silver altar of Zin.
  7128 | D:6      | Found a white marble altar of Elyvilon.
  7135 | D:6      | Found Gasuinup's Antique Armour Shop.
  7146 | D:6      | Bought an embroidered cloak for 99 gold pieces
  7151 | D:6      | Found a shattered altar of Ashenzari.
  7159 | D:6      | Found Perarphan's Gadget Boutique.
  7171 | D:6      | Found Cineydgh's Weapon Boutique.
  7368 | D:6      | Found an ancient bone altar of Kikubaaqudgha.
  7562 | D:6      | Found Roxaxeydd's Magic Scroll Boutique.
  7584 | D:6      | Bought a scroll of identify for 26 gold pieces
  7651 | D:6      | Reached XP level 8. HP: 41/41 MP: 13/21
  8011 | D:7      | Reached skill level 8 in Spellcasting
  8211 | D:7      | Reached skill level 9 in Spellcasting
  8301 | D:7      | Found a staircase to the Ecumenical Temple.
  8310 | Temple   | Entered the Ecumenical Temple
  8334 | Temple   | Became a worshipper of Sif Muna the Loreminder
  8368 | D:7      | Found Madets's Antique Armour Shop.
  8371 | D:7      | Bought a pair of ichor-stained boots for 256 gold pieces
  8376 | D:7      | Identified the +0 pair of boots of Modesty {+Fly Dex+2 SInv Stlth-} (You bought it in a shop on level 7 of the Dungeon)
  8434 | D:7      | Found a basalt altar of Yredelemnul.
  8467 | D:7      | Found a burning altar of Makhleb.
  8837 | D:7      | Reached XP level 9. HP: 45/45 MP: 12/24
  9536 | D:8      | Found a shadowy altar of Dithmenos.
  9536 | D:8      | Found an opulent altar of Gozag.
  9545 | D:8      | Got a ring of the Octopus King
  9570 | D:8      | Got a glittering turquoise ring
  9572 | D:8      | Identified a ring of the Octopus King {rN+ AC+1 EV+1 Str+1 Int+1 Dex+1} (You found it on level 8 of the Dungeon)
  9574 | D:8      | Identified the ring "Wurasho" {rF+ rN+ EV+2 Dex+4} (You found it on level 8 of the Dungeon)
  9583 | D:8      | Reached skill level 10 in Spellcasting
  9903 | D:8      | Noticed Grum
  9910 | D:8      | Killed Grum
  9912 | D:8      | Reached skill level 5 in Shields
  9917 | D:8      | Reached * piety under Sif Muna
 10009 | D:8      | Found an iron altar of Okawaru.
 10030 | D:8      | Found a blossoming altar of Fedhas.
 10615 | D:9      | Found a staircase to the Lair.
 10711 | D:9      | Reached skill level 1 in Invocations
 10711 | D:9      | Reached skill level 1 in Evocations
 10817 | D:9      | Noticed tp1's ghost (novice DECj)
 11076 | Lair:1   | Entered Level 1 of the Lair of Beasts
 11315 | Lair:1   | Noticed a spiny frog
 11324 | Lair:1   | Killed a spiny frog
 11324 | Lair:1   | Reached skill level 11 in Spellcasting
 11373 | Lair:1   | Reached XP level 10. HP: 50/50 MP: 13/27
 11616 | Lair:1   | Noticed a black mamba
 11639 | Lair:1   | Slain by a black mamba

Vault maps used:
D:1:      moated_graveyard_arrival
D:2:      grunt_decor_arrowhead
D:3:      wad_pebble_path
D:4:      lemuel_round_altar, first_bread, minmay_bisected
D:5:      nicolae_overflow_crystal_walls, uniq_grinder
D:6:      good_gods_temple_1, kiku_gazebo_pond_becter, serial_shops,
          nicolae_shop_trees, kennysheep_little_box, shop_scrolls, shop, shop,
          basic_altar, hangedman_decor_growths, minmay_lizard_king
D:7:      kennysheep_mini, minmay_temple_entry_statues_pillars, serial_shops,
          nicolae_shop_behind_doors, grunt_ogre_cave, yredelemnul_altar_generic
D:8:      nicolae_overflow_quartered_altars, uniq_grum
D:9:      lair_0_dummy
Temple:   cyrus_temple_forest_13
Lair:1:   guppyfry_lair_drakes, uniq_harold

Action                   |  1- 3 |  4- 6 |  7- 9 | 10-12 || total
-------------------------+-------+-------+-------+-------++-------
Melee: Unarmed           |     3 |     6 |    11 |       ||    20
       Staff             |       |       |     8 |     7 ||    15
 Cast: Magic Dart        |   110 |   168 |   289 |    30 ||   597
       Conjure Flame     |       |    19 |    36 |       ||    55
       Mephitic Cloud    |       |    13 |    24 |     2 ||    39
       Call Imp          |       |     3 |    10 |    11 ||    24
  Use: Scroll            |       |       |     7 |    10 ||    17
       Potion            |       |       |       |     1 ||     1
 Stab: Confused          |       |       |     1 |       ||     1
  Eat: Chunk             |     3 |    12 |    13 |     1 ||    29
       Beef jerky        |       |       |     1 |       ||     1
       Royal jelly       |       |       |     1 |       ||     1
